 Dungeon Crawl Stone Soup version 0.21-a0-150-gc243083 (webtiles) character file.

336 Kagutsuchi the Slasher (level 6, 0/53 HPs)
             Began as a Draconian Berserker on July 27, 2017.
             Was a Believer of Trog.
             Slain by a worker ant (5 damage)
             ... on level 4 of the Dungeon.
             The game lasted 00:09:13 (2656 turns).

Kagutsuchi the Slasher (Draconian Berserker)        Turns: 2656, Time: 00:09:15

Health: 0/53       AC:  6    Str: 20    XL:     6   Next: 28%
Magic:  6/6        EV: 14    Int:  7    God:    Trog [**....]
Gold:   51         SH:  0    Dex: 12    Spells: 5/5 levels left

rFire    . . .     SeeInvis .   a - +0 falchion
rCold    . . .     Gourm    .   (no shield)
rNeg     . . .     Faith    .   (armour unavailable)
rPois    .         Spirit   .   (helmet restricted)
rElec    .         Reflect  .   (no cloak)
rCorr    .         Harm     .   (no gloves)
MR       .....                  (no boots)
Stlth    ++........             (no amulet)
HPRegen  0.17/turn              (no ring)
MPRegen  0.10/turn              (no ring)

@: lethally poisoned (0 -> -18)
A: unfitting armour, cold-blooded, AC +6
a: Berserk, Trog's Hand, Burn Spellbooks, Renounce Religion


You were on level 4 of the Dungeon.
You worshipped Trog.
Trog was pleased with you.
You were not hungry.

You visited 1 branch of the dungeon, and saw 4 of its levels.

You collected 51 gold pieces.

Inventory:

Hand Weapons
 a - a +0 falchion (weapon)
 g - a +0 club
 h - a +3 short sword
 i - a +0 mace
Missiles
 d - 34 poisoned needles
 e - 12 sling bullets
Scrolls
 c - 2 scrolls of identify {unknown}
 l - a scroll of enchant armour {unknown}
 m - a scroll of remove curse {unknown}
Potions
 f - a potion of agility {unknown}
 j - a potion of brilliance {unknown}
 n - a potion of ambrosia {unknown}
Comestibles
 b - 3 bread rations
 k - a royal jelly


   Skills:
 + Level 4.7 Fighting
 + Level 5.0 Long Blades
 + Level 4.2 Dodging
 + Level 1.2 Stealth


You had 5 spell levels left.
You didn't know any spells.

Dungeon Overview and Level Annotations

Branches:
Dungeon (4/15)
 Temple: D:4-7

Altars:
Fedhas
Nemelex Xobeh
Okawaru
Qazlal


Innate Abilities, Weirdness & Mutations

Your plain brown scales are hard. (AC +6)
You cannot fit into any form of body armour.
You are cold-blooded and may be slowed by cold attacks.


Message History

You are more poisoned.
The worker ant poisons you!
You hit the worker ant.
The worker ant is lightly wounded.
You feel sick. The worker ant bites you.
You hit the worker ant.
The worker ant is moderately wounded.
* * * LOW HITPOINT WARNING * * *
You feel sick. The worker ant bites you.
* * * LOW HITPOINT WARNING * * *
You are more poisoned.
The worker ant poisons you!
You hit the worker ant.
You tail-slap the worker ant, but do no damage.
The worker ant is severely wounded.
* * * LOW HITPOINT WARNING * * *
You feel sick. The worker ant bites you.
* * * LOW HITPOINT WARNING * * *
The worker ant bites you.
You die...

#....<#####†##..♣.♣.♣.♣..#
............>..♣.♣._.♣.♣.#
#####.######....♣.♣.♣.♣..####
#[# #.....♣.♣.♣....... #.#
##.....♣.♣.......# ...
#..#...♣...#.# ...
#............# .....
#.#.a#.#####.# ..... #.#.@..#
# ....... #.##..## #. #..# ##
#..# <..# #...# ...# #....


You could see a worker ant.

Vanquished Creatures
  Sigmund (D:4)
  An ogre (D:4)
  4 adders
  An ooze (D:1)
  3 dart slugs
  A leopard gecko (D:1)
  4 orcs (D:4)
  2 giant cockroaches
  A goblin (D:3)
  5 hobgoblins
  4 jackals (D:2)
  A ball python (D:3)
  5 bats
  A frilled lizard (D:4)
  6 kobolds
  4 rats
44 creatures vanquished.

Notes
Turn   | Place    | Note
-------+----------+-------------------------------------------
     0 | D:1      | Kagutsuchi the Draconian Berserker began the quest for the Orb.
     0 | D:1      | Reached XP level 1. HP: 19/19 MP: 1/1
   145 | D:1      | Reached XP level 2. HP: 9/26 MP: 2/2
  1119 | D:2      | Reached XP level 3. HP: 28/33 MP: 3/3
  1275 | D:2      | Found a sparkling altar of Nemelex Xobeh.
  1402 | D:2      | Found a blossoming altar of Fedhas.
  1539 | D:3      | Reached ** piety under Trog
  1584 | D:3      | Found a sparkling altar of Nemelex Xobeh.
  1735 | D:3      | Found a stormy altar of Qazlal.
  2087 | D:3      | Reached XP level 4. HP: 34/40 MP: 4/4
  2143 | D:4      | Noticed an ogre
  2144 | D:4      | Noticed Sigmund
  2155 | D:4      | Killed an ogre
  2155 | D:4      | Reached skill level 4 in Long Blades
  2155 | D:4      | Reached XP level 5. HP: 13/46 MP: 5/5
  2155 | D:4      | HP: 2/69 [something (11)]
  2157 | D:4      | Killed Sigmund
  2157 | D:4      | Reached skill level 1 in Stealth
  2157 | D:4      | Reached XP level 6. HP: 2/53 MP: 6/6
  2614 | D:4      | Reached skill level 5 in Long Blades
  2628 | D:4      | Found an iron altar of Okawaru.
  2656 | D:4      | Slain by a worker ant

Vault maps used:
D:1:      dpeg_arrival_snail, minivault_23, st_stairs_12, dk_noncrumbling_3,
          minmay_small_reverse_x
D:2:      overflow_temple_1_default, fedhas_altar_2, lemuel_altar_in_water2
D:3:      lemuel_crystal_altar, lemuel_crystal_altar, first_bread
D:4:      okawaru_trees_2, nicolae_alphabet_shops, minmay_misc_feat_hallway,
          glass_columns_b, uniq_sigmund, uniq_crazy_yiuf_cottage

Skill      XL: |  1  2  3  4  5  6 |
---------------+-------------------+-----
Dodging        | 3 4 |  4.2
Fighting       | 4 |  4.7
Long Blades    | 4 5 |  5.0
Stealth        | 1 |  1.2

Action                   |  1- 3 |  4- 6 || total
-------------------------+-------+-------++-------
Melee: Falchion          |    92 |    40 ||   132
       Tailslap          |    15 |     8 ||    23
Invok: Berserk           |     2 |     1 ||     3
 Stab: Sleeping          |     1 |       ||     1
       Distracted        |       |     1 ||     1
  Eat: Meat ration       |     1 |       ||     1
       Bread ration      |     1 |       ||     1
Armor: Skin              |    54 |     7 ||    61
Dodge: Dodged            |   108 |    19 ||   127
       Rpst.: Falchion   |    36 |     9 ||    45
